 Dungeon Crawl Stone Soup version 0.25-a0-681-gdf4e720381 (webtiles) character file.

Game seed: 12919171590883520783, levelgen mode: deterministic

12534 DasRunzen the Blocker (level 12, -6/97 HPs)
             Began as a Formicid Fighter on Mar 30, 2020.
             Was a Believer of Makhleb.
             Mangled by Snorg (12 damage)
             ... on level 2 of the Lair of Beasts.
             The game lasted 00:24:00 (10803 turns).

DasRunzen the Blocker (Formicid Fighter)           Turns: 10803, Time: 00:24:01

Health: -6/97      AC: 21    Str: 24    XL:     12   Next: 21%
Magic:  17/17      EV:  7    Int: 10    God:    Makhleb [**....]
Gold:   474        SH: 13    Dex: 10    Spells: 11/11 levels left

rFire    + . .     SeeInvis +   w - +0 glaive
rCold    . . .     Gourm    .   c - +1 kite shield
rNeg     . . .     Faith    .   y - +0 plate armour (curse)
rPois    .         Spirit   .   (helmet unavailable)
rElec    .         Reflect  .   p - +2 cloak
rCorr    +         Harm     .   (no gloves)
MR       +....                  D - +2 pair of boots
Stlth    ..........             (no amulet)
HPRegen  0.26/turn              m - ring of resist corrosion
MPRegen  0.15/turn              t - ring of protection from fire

@: no status effects
A: permanent stasis, dig shafts and tunnels, four strong arms, antennae 3
a: Dig, Shaft Self, Minor Destruction, Renounce Religion


You were on level 2 of the Lair of Beasts.
You worshipped Makhleb.
Makhleb was pleased with you.
You were near starving.

You visited 3 branches of the dungeon, and saw 12 of its levels.

You collected 474 gold pieces.

Inventory:

Hand Weapons
 a - a +5 trident
 w - a +0 glaive (weapon)
 C - the +7 arbalest "Eschabudgh" {freeze, Str+2}
   (You found it on level 1 of the Lair of Beasts)

   It causes projectiles fired from it to freeze those they strike, causing
   extra injury to most foes and up to half again as much damage against
   particularly susceptible opponents.
   They can also slow down cold-blooded creatures.
   It affects your strength (+2).
Missiles
 n - 33 bolts
Armour
 b - a +0 scale mail
 c - a +1 kite shield (worn)
 p - a +2 cloak (worn)
 y - a cursed +0 plate armour (worn)
 D - a +2 pair of boots (worn)
Jewellery
 m - a ring of resist corrosion (left hand)
 t - a ring of protection from fire (right hand)
 B - an uncursed ring of ice
Wands
 h - a wand of iceblast (8)
 k - a wand of flame (28)
 o - a wand of acid (10)
 s - a wand of digging (6)
Scrolls
 i - 8 scrolls of remove curse
 l - a scroll of fog
 x - a scroll of fear
 E - a scroll of magic mapping
 F - a scroll of summoning
Potions
 d - a potion of might
 e - a potion of flight
 g - 2 potions of magic
 q - a potion of degeneration {unknown}
 r - 2 potions of stabbing {unknown}
 u - 3 potions of curing {unknown}
 v - a potion of mutation {unknown}
 z - a potion of invisibility {unknown}
Comestibles
 f - 13 rations


   Skills:
 + Level 10.1 Fighting
 + Level 8.9 Polearms
 + Level 3.6 Crossbows
 + Level 10.0 Armour
 + Level 10.8 Shields
 + Level 7.6 Invocations


You had 11 spell levels left.
You didn't know any spells.
Your spell library contained the following spells:

 Spells                   Type           Power        Failure   Level  Hunger
 Infusion                 Chrm           #...         99%         1    ##.....
 Shroud of Golubria       Chrm/Tloc      #.....       99%         2    ###....
 Song of Slaying          Chrm           #.......     99%         2    ###....
 Ozocubu's Armour         Chrm/Ice       #.......     100%        3    ####...
 Spectral Weapon          Hex/Chrm       #.......     100%        3    ####...


Dungeon Overview and Level Annotations

Branches:
Dungeon (8/15)             Temple (1/1) D:7            Lair (3/6) D:8
  Swamp: Lair:2-4    Shoals: Lair:2-4     Snake: Lair:2-4    Spider: Lair:2-4

Altars:
Ashenzari
Cheibriados
Dithmenos
Elyvilon
Fedhas
Gozag
Hepliaklqana
Makhleb
Nemelex Xobeh
Ru
Sif Muna
Uskayaw
Wu Jian
Yredelemnul
Zin
The Shining One

Shops:
D:4 :   D:6 ??   D:7 *   D:8 (

Annotations:
Lair:2 Snorg


Innate Abilities, Weirdness & Mutations

You cannot be hasted, slowed, berserked, paralysed or teleported.
You can dig through walls and to a lower floor.
Your four strong arms can wield two-handed weapons with a shield.
You have a pair of large antennae on your head. (SInv)


Message History

You block Snorg's attack. Snorg claws you.
* * * LOW HITPOINT WARNING * * *
Snorg barely misses you.
You barely miss Snorg.
Snorg is lightly wounded.
You block Snorg's attack. Snorg claws you but does no damage.
Snorg barely misses you.
Unknown command.
Your plate armour prevents you from hitting Snorg.
Snorg is lightly wounded.
You block Snorg's attack. Snorg claws you but does no damage.
Snorg barely misses you. Snorg bites you.
* * * LOW HITPOINT WARNING * * *
Snorg claws you.
* * * LOW HITPOINT WARNING * * *
Snorg claws you but does no damage.
You slash Snorg!
Snorg is moderately wounded.
You block Snorg's attack. Snorg claws you!
You die...

.≈P≈...........................##
.P≈≈≈.....#...<................#
....P>...#.....................##
.........#......................#
≈..............................P#
≈≈≈≈.....#......................#
≈≈≈.P.....#....................##
≈≈........#....................#
≈≈###.....#.....@..............#
### ##...........T.............##
#.........................P#
#.........................##
#.........................#
####....................P##
#.##.................##
#####................#
#.P####..#####.###


You could see Snorg (berserk).

Vanquished Creatures
  Fannar (Lair:1)
  2 hydras (Lair:2)
  A two-headed ogre (D:8)
  6 elephants (Lair:1)
  4 komodo dragons
  2 hippogriffs
  A wyvern (Lair:1)
  6 yaks (Lair:2)
  A basilisk (Lair:1)
  2 vampire mosquitoes (Lair:2)
  7 porcupines
  2 water moccasins
  5 orc warriors
  A black bear (D:8)
  An ice beast (D:5)
  Purgy (D:3)
  2 ogres (D:7)
  4 wolves (Lair:1)
  4 centaurs
  4 crocodiles
  7 bullfrogs
  4 scorpions
  5 wights (D:8)
  2 howler monkeys
  2 vampire bats (Lair:2)
  A centaur zombie (D:7)
  4 crimson imps
  4 hounds
  A quasit (D:7)
  5 orc wizards
  6 orc priests
  Crazy Yiuf (D:3)
  A gnoll shaman (D:5)
  3 iguanas
  2 centaur skeletons
  6 worker ants
  2 hound zombies
  4 hound skeletons
  A howler monkey zombie (D:5)
  A worker ant zombie (D:6)
  7 gnolls
  6 adders
  An adder skeleton (D:6)
  An adder zombie (D:8)
  3 worms
  A dart slug (D:1)
  7 leopard geckos
  25 orcs
  A ball python (D:2)
  17 bats
  7 giant cockroaches
  9 goblins
  5 hobgoblins
  6 jackals
  5 quokkas
  5 frilled lizards
  2 jackal skeletons
  12 kobolds
  10 rats
249 creatures vanquished.

Vanquished Creatures (others)
  A worker ant (D:6)
  4 fungi
  A plant (Lair:2)
6 creatures vanquished.

Grand Total: 255 creatures vanquished

Notes
Turn   | Place    | Note
-------+----------+-------------------------------------------
     0 | D:1      | DasRunzen the Formicid Fighter began the quest for the Orb.
     0 | D:1      | Reached XP level 1. HP: 18/18 MP: 1/1
    46 | D:1      | Reached XP level 2. HP: 24/24 MP: 2/2
   373 | D:1      | Reached XP level 3. HP: 29/29 MP: 3/3
   767 | D:2      | Found a shadowy altar of Dithmenos,
   987 | D:2      | Reached XP level 4. HP: 37/37 MP: 4/4
  1105 | D:2      | Found a glowing silver altar of Zin,
  1190 | D:3      | Reached XP level 5. HP: 35/42 MP: 5/5
  1232 | D:3      | Noticed Purgy
  1249 | D:3      | Killed Purgy
  1249 | D:3      | Reached XP level 6. HP: 45/49 MP: 6/6
  1288 | D:3      | Reached skill level 5 in Shields
  1900 | D:3      | Found a runed translucent door,
  1901 | D:3      | Noticed Crazy Yiuf
  1914 | D:3      | Killed Crazy Yiuf
  2301 | D:4      | Reached XP level 7. HP: 41/55 MP: 7/7
  2377 | D:4      | Found Fezur's Book Shoppe,
  2522 | D:4      | Reached skill level 5 in Fighting
  2522 | D:4      | Reached skill level 5 in Armour
  2594 | D:5      | Entered Level 5 of the Dungeon
  3003 | D:5      | Reached XP level 8. HP: 24/64 MP: 8/8
  3517 | D:5      | Found a basalt altar of Yredelemnul,
  3667 | D:6      | Found Kaqemm's Magic Scroll Emporium,
  3669 | D:6      | Found Vuskothi's Magic Scroll Shop,
  3929 | D:5      | Reached skill level 5 in Polearms
  4833 | D:6      | Reached XP level 9. HP: 52/71 MP: 9/9
  5507 | D:7      | Found a staircase to the Ecumenical Temple,
  5520 | Temple   | Entered the Ecumenical Temple
  5587 | Temple   | Became a worshipper of Makhleb the Destroyer
  5619 | D:7      | Found Inocla Cegen's Assorted Antiques,
  5631 | D:7      | Reached skill level 1 in Invocations
  6143 | D:7      | Noticed a hippogriff
  6151 | D:7      | Killed a hippogriff
  6355 | D:8      | Noticed a two-headed ogre
  6361 | D:8      | Killed a two-headed ogre
  6361 | D:8      | Reached XP level 10. HP: 41/80 MP: 10/12
  6697 | D:8      | Reached * piety under Makhleb
  6773 | D:8      | Found a staircase to the Lair,
  6902 | D:8      | Found Tomneal's Antique Weapon Emporium,
  7474 | Lair:1   | Entered Level 1 of the Lair of Beasts
  7570 | Lair:1   | Reached skill level 5 in Invocations
  7833 | Lair:1   | Noticed a komodo dragon
  7870 | Lair:1   | Killed a komodo dragon
  7962 | Lair:1   | Noticed a komodo dragon
  7970 | Lair:1   | Killed a komodo dragon
  7970 | Lair:1   | Reached ** piety under Makhleb
  8022 | Lair:1   | Reached XP level 11. HP: 81/87 MP: 15/15
  8028 | Lair:1   | Noticed Fannar
  8038 | Lair:1   | Killed Fannar
  8227 | Lair:1   | Got a faintly glowing arbalest
  8247 | Lair:1   | Identified the +7 arbalest "Eschabudgh" {freeze, Str+2}
                  | (You found it on level 1 of the Lair of Beasts)
  8608 | Lair:2   | Noticed an elephant
  8608 | Lair:2   | Noticed an elephant
  8609 | Lair:2   | Noticed an elephant
  8611 | Lair:2   | Noticed an elephant
  8613 | Lair:2   | Noticed an elephant
  8614 | Lair:2   | Noticed an elephant
  8628 | Lair:1   | Killed an elephant
  8628 | Lair:1   | Reached skill level 10 in Shields
  8629 | Lair:1   | Reached skill level 1 in Crossbows
  8938 | Lair:1   | Killed an elephant
  8946 | Lair:1   | Killed an elephant
  8979 | Lair:1   | Killed an elephant
  8990 | Lair:1   | Killed an elephant
  9179 | Lair:1   | Killed an elephant
  9537 | Lair:2   | Found a glowing golden altar of the Shining One,
  9579 | Lair:2   | Noticed a six-headed hydra
  9586 | Lair:2   | Killed a six-headed hydra
  9921 | Lair:2   | Reached XP level 12. HP: 29/97 MP: 17/17
 10197 | Lair:2   | Noticed a five-headed hydra
 10214 | Lair:2   | Killed a five-headed hydra
 10251 | Lair:2   | Reached skill level 10 in Fighting
 10485 | Lair:2   | Reached skill level 10 in Armour
 10781 | Lair:3   | Noticed Snorg
 10781 | Lair:3   | Noticed a six-headed hydra
 10803 | Lair:2   | Mangled by Snorg

Levels and vault maps discovered:
D:1:      roderic_chinese_lattice_arrival, layout_rooms
D:2:      layout_basic, zin_academy, lemuel_crystal_altar
D:3:      layout_basic, kennysheep_generic_room_11, uniq_purgy,
          uniq_crazy_yiuf_cottage
D:4:      layout_basic, serial_shops, shop
D:5:      layout_loops_corners, lemuel_crystal_altar, first_ration
D:6:      layout_basic, serial_shops, shop_statue, shop_scrolls
D:7:      layout_basic, minmay_temple_entry_mist, serial_shops, shop,
          minmay_misc_feat_x
D:8:      layout_layer_cave, grunt_lair_entry_orc_guard_hut, serial_shops,
          kennysheep_mini_moat
Temple:   dshaligram_water_room_temple
Lair:1:   layout_chaotic_city, chequers_serial_rivers_small_a, uniq_fannar
Lair:2:   layout_gridlike, basic_altar, chequers_serial_rivers_room_b,
          chequers_serial_rivers_small_b, roderic_batcave, pond
Lair:3:   layout_loops_ring, minmay_shoals_entry_hut, dummy_snake_entry,
          gammafunk_ghost_necromancy, zaba_anthell, minmay_lair_oklob_chamber,
          serial_bayou_shore_a, uniq_snorg, uniq_nergalle

Skill      XL: |  1  2  3  4  5  6  7  8  9 10 11 12 |
---------------+-------------------------------------+-----
Shields        | 4 5 6 7 8 9 10 | 10.8
Fighting       | 4 5 6 8 9 10 | 10.1
Armour         | 4 5 6 7 8 9 10 | 10.0
Polearms       | 3 4 5 6 7 8 |  8.9
Invocations    | 3 5 7 |  7.6
Crossbows      | 3 |  3.6

Action                   |  1- 3 |  4- 6 |  7- 9 | 10-12 || total
-------------------------+-------+-------+-------+-------++-------
Melee: Trident           |   139 |   235 |   369 |    16 ||   759
       Glaive            |       |       |    25 |   454 ||   479
 Fire: Arbalest          |       |       |       |     2 ||     2
Evoke: Wand              |       |       |     2 |     8 ||    10
  Use: Scroll            |     2 |     5 |    12 |     6 ||    25
       Potion            |       |     1 |       |     5 ||     6
  Eat: Chunk             |       |     4 |    14 |    14 ||    32
Armor: Scale mail        |    95 |    68 |   134 |    17 ||   314
       Plate armour      |       |       |       |   381 ||   381
Dodge: Dodged            |    69 |    67 |   129 |   188 ||   453
Block: Kite shield       |    65 |   121 |   225 |   411 ||   822

Table legend:
 A = Non-vault XP
 B = Vault XP
 C = Vault XP percentage of total XP
 D = Non-vault monster count
 E = Vault monster count
 F = Vault count percentage of total count
                 A         B        C        D         E       F
            +---------+---------+-------+---------+---------+-------
      Total |   15566 |    2341 |  13.1 |     229 |      20 |   8.0
            +---------+---------+-------+---------+---------+-------
        D:1 |      38 |       0 |   0.0 |      22 |       0 |   0.0
        D:2 |      72 |       0 |   0.0 |      26 |       0 |   0.0
        D:3 |     172 |     170 |  49.7 |      28 |       3 |   9.7
        D:4 |     167 |       0 |   0.0 |      17 |       0 |   0.0
        D:5 |    1164 |       0 |   0.0 |      28 |       0 |   0.0
        D:6 |     375 |       0 |   0.0 |      15 |       0 |   0.0
        D:7 |    1503 |       0 |   0.0 |      30 |       0 |   0.0
        D:8 |    2249 |     668 |  22.9 |      26 |       6 |  18.8
     Lair:1 |    5417 |    1038 |  16.1 |      20 |       1 |   4.8
     Lair:2 |    4409 |     465 |   9.5 |      17 |      10 |  37.0
            +---------+---------+-------+---------+---------+-------
